 Dungeon Crawl Stone Soup version 0.29.1-15-g9cfb28693d (webtiles) character file.

Game seed: 4572021509451409044

21011 cdecastro the Severer (level 12, -12/112 HPs)
             Began as a Minotaur Fighter on Mar 5, 2023.
             Was a High Priest of Okawaru.
             Mangled by a cyclops (21 damage)
             ... on level 10 of the Dungeon.
             The game lasted 00:33:24 (13429 turns).

cdecastro the Severer (Minotaur Fighter)           Turns: 13429, Time: 00:33:24

Health: -12/112    AC: 20    Str: 28    XL:     12   Next: 50%
Magic:  12/16      EV: 12    Int:  5    God:    Okawaru [*****.]
Gold:   592        SH:  8    Dex: 16    Spells: 11/11 levels left

rFire   + . .      SeeInvis .   F - +5 war axe "Jeweutt Nisi" {vorpal, rF+ Str+2}
rCold   . . .      Faith    .   c - +0 buckler
rNeg    . . .      Spirit   .   R - +3 plate armour
rPois   .          Reflect  .   (helmet restricted)
rElec   .          Harm     .   N - scarf {repulsion}
rCorr   .          Rampage  .   p - +0 pair of gloves
Will    +....                   A - +0 pair of boots
Stlth   ..........              I - amulet of regeneration
HPRegen 1.08/turn               b - ring of willpower
MPRegen 0.15/turn               T - +6 ring of dexterity

@: heroic, finesse-ful, repel missiles
A: horns 2, retaliatory headbutt
a: Renounce Religion, Heroism, Finesse, Duel


You were on level 10 of the Dungeon.
You worshipped Okawaru.
Okawaru was extremely pleased with you.
You visited 2 branches of the dungeon, and saw 11 of its levels.
You also visited: Bailey.

You collected 652 gold pieces.
You spent 60 gold pieces at shops.

Inventory:

Hand Weapons
 v - a +2 sling of flaming
 F - the +5 war axe "Jeweutt Nisi" (weapon) {vorpal, rF+ Str+2}
   (You found it in a bailey)

   It inflicts extra damage upon your enemies.
   Str:       It affects your strength (+2).
   rF:        It protects you from fire.
 J - a +0 vorpal war axe
 P - a +1 demon whip of venom
Missiles
 k - 16 poisoned darts
 r - 30 javelins
 C - 3 boomerangs (quivered)
Armour
 a - the +0 kite shield "Leastrewk" {Dex+3}
   (Okawaru gifted it to you on level 8 of the Dungeon)

   Dex:       It affects your dexterity (+3).
 c - a +0 buckler (worn)
 p - a +0 pair of gloves (worn)
 A - a +0 pair of boots (worn)
 G - a scarf of resistance
 N - a scarf of repulsion (worn)
 R - a +3 plate armour (worn)
Magical Staves
 B - a staff of earth
Jewellery
 b - a ring of willpower (left hand)
 t - a ring of magical power
 w - a ring of fire
 I - an amulet of regeneration (around neck)
 T - a +6 ring of dexterity (right hand)
Wands
 y - a wand of iceblast (18)
 K - a wand of digging (5)
 Q - a wand of acid (18)
 S - a wand of polymorph (9)
Scrolls
 e - 2 scrolls of poison {unknown}
 g - a scroll of amnesia {unknown}
 h - 4 scrolls of immolation
 i - 2 scrolls of enchant weapon {unknown}
 j - 3 scrolls of teleportation
 l - a scroll of torment {unknown}
 o - 2 scrolls of vulnerability {unknown}
 u - 2 scrolls of fog {unknown}
 x - 2 scrolls of noise {unknown}
 E - a scroll of enchant armour {unknown}
 M - a scroll of brand weapon {unknown}
 O - a scroll of identify
Potions
 d - a potion of might
 f - 6 potions of curing
 m - a potion of haste
 n - 2 potions of attraction
 q - 2 potions of berserk rage
 s - 4 potions of flight
 z - a potion of resistance
 D - a potion of mutation
 H - 2 potions of brilliance
 L - a potion of lignification


   Skills:
 - Level 12.0(17.0) Fighting
 - Level 16.0(21.0) Axes
 - Level 0.8(5.8) Staves
 - Level 5.0(10.0) Throwing
 - Level 5.0(10.0) Armour
 - Level 5.0(10.0) Dodging
 + Level 9.0(14.0) Shields
 - Level 7.0 Invocations


You had 11 spell levels left.
You didn't know any spells.
Your spell library contained the following spells:

 Spells                   Type           Power      Damage    Failure   Level
 Apportation              Tloc           0%         N/A       99%         1
 Necrotise                Necr           0%         1d4       99%         1
 Ensorcelled Hibernation  Hex/Ice        0%         N/A       100%        2
 Inner Flame              Hex/Fire       0%         N/A       100%        3
 Stone Arrow              Conj/Erth      0%         3d7       100%        3
 Cause Fear               Hex            0%         N/A       100%        4
 Corpse Rot               Necr/Pois/Air  0%         N/A       100%        4
 Eringya's Noxious Bog    Tmut/Pois      0%         N/A       100%        6
 Orb of Destruction       Conj           0%         9d5       100%        7
 Discord                  Hex            0%         N/A       100%        8
 Lehudib's Crystal Spear  Conj/Erth      0%         10d2      100%        8
 Summon Small Mammal      Summ           Unusable   N/A       N/A         1
 Summon Guardian Golem    Hex/Summ       Unusable   N/A       N/A         3
 Animate Armour           Summ/Erth      Unusable   N/A       N/A         4
 Spellforged Servitor     Conj/Summ      Unusable   N/A       N/A         7

Dungeon Overview and Level Annotations

Branches:
Dungeon (10/15)            Temple (1/1) D:4          Bailey (visited)
   Lair: D:8-11         Orc: D:9-12

Altars:
Ashenzari
Cheibriados
Dithmenos
Elyvilon
Fedhas
Gozag
Hepliaklqana
Kikubaaqudgha
Makhleb
Nemelex Xobeh
Okawaru
Qazlal
Ru
Sif Muna
Trog
Uskayaw
Vehumet
Wu Jian
Xom
Yredelemnul
Zin
The Shining One

Shops:
D:7 **

Annotations:
D:7 3 runed translucent doors, CInkIbrahim's ghost, novice OpMo; Farfigtubin's ghost, novice HOFi
D:8 Erica; Psyche


Innate Abilities, Weirdness & Mutations

You have a pair of horns on your head.
You reflexively headbutt those who attack you in melee.


Message History

Unknown command.
You slash Snorg!
Snorg is almost dead.
Unknown command.
You completely miss Snorg. Your headbutt misses Snorg.
Snorg is almost dead.
Snorg barely misses you. Snorg claws you!
* * * LOW HITPOINT WARNING * * *
Snorg claws you but does no damage.
Unknown command.
You barely miss Snorg.
Snorg is almost dead.
Unknown command.
You chop Snorg into pieces!!!
You kill Snorg!
Okawaru is honoured by your kill.
Your base Shields skill increases to level 9!
Unknown command.
You block the cyclops's attack.
Items here: ))) [.
You hit the cyclops but do no damage. You slash the cyclops!
The cyclops is moderately wounded.
You slash the cyclops!
The cyclops is heavily wounded.
You hit the cyclops but do no damage.
The cyclops is heavily wounded.
The cyclops hits you!!
* * * LOW HITPOINT WARNING * * *
You hit the cyclops.
The cyclops is heavily wounded.
You hit the cyclops.
The cyclops is severely wounded.
You hit the cyclops.
The cyclops is severely wounded.
You hit the cyclops.
You headbutt the cyclops, but do no damage.
The cyclops is almost dead.
The cyclops hits you!!
You die...

..........### ###
............# #..
.##...##+##.# #.#
.##)........### #.#
)#)).######...###.#
).)##########..##.#
.)####o..o####..#†#
.###C..Oo..$###.#.#
.##..W####...##C@.#
###.o######.......#
##o.##....##......#
##.o......##.....##
##........##......
##..##)..:##......
###oW######........
.##o.o####...##....
.###o$.o.. .###.


You could see a cyclops.

Vanquished Creatures
  Snorg (D:10)
  2 two-headed ogres
  Amaemon (D:7)
  An ugly thing (D:7)
  Joseph (D:10)
  An orange demon (D:8)
  A komodo dragon (D:8)
  2 trolls
  A hornet (D:9)
  A wraith (D:10)
  A shadow (D:10)
  2 wyverns
  Sigmund (D:5)
  3 yaks (D:9)
  Eustachio (D:5)
  5 steam dragons
  2 vampire mosquitoes (D:9)
  An acid dragon (D:7)
  5 water moccasins
  2 black bears
  9 orc warriors
  2 sky beasts
  7 ice beasts
  An ogre (D:6)
  A boggart (D:7)
  14 centaurs
  A phantom (D:5)
  A kobold brigand (D:9)
  4 bullfrogs
  2 necrophages
  2 gnoll sergeants
  5 scorpions
  13 wights
  4 killer bees (D:9)
  3 howler monkeys
  2 electric eels
  A crimson imp (D:8)
  10 orc priests
  2 gnoll boudas (D:4)
  3 hounds
  A jelly (D:8)
  3 iguanas
  12 orc wizards
  15 gnolls
  5 adders
  An ufetubus (D:6)
  A dart slug (D:3)
  63 orcs
  3 ball pythons
  7 endoplasms
  4 giant cockroaches
  10 goblins
  11 hobgoblins
  3 jackals (D:4)
  3 bats
  8 kobolds
272 creatures vanquished.

Vanquished Creatures (others)
  4 plants
  6 withered plants (D:7)
10 creatures vanquished.

Grand Total: 282 creatures vanquished

Notes
Turn   | Place    | Note
-------+----------+-------------------------------------------
     0 | D:1      | cdecastro the Minotaur Fighter began the quest for the Orb.
     0 | D:1      | Reached XP level 1. HP: 19/19 MP: 0/0
   217 | D:1      | Reached skill level 3 in Axes
   409 | D:1      | Reached XP level 2. HP: 26/26 MP: 1/1
   825 | D:1      | Found a faded altar of an unknown god.
  1375 | D:2      | Reached skill level 4 in Axes
  1727 | D:2      | Reached XP level 3. HP: 31/31 MP: 2/2
  2002 | D:3      | Noticed a bullfrog
  2140 | D:3      | Killed a bullfrog
  2141 | D:3      | Reached skill level 5 in Axes
  2141 | D:3      | Reached XP level 4. HP: 39/39 MP: 3/3
  2574 | D:3      | Found a stormy altar of Qazlal.
  2577 | D:3      | Found a radiant altar of Vehumet.
  2579 | D:3      | Found a hide-covered altar of Uskayaw.
  2738 | D:4      | Reached skill level 6 in Axes
  2740 | D:4      | Found a staircase to the Ecumenical Temple.
  2772 | Temple   | Entered the Ecumenical Temple
  2772 | Temple   | Found a transporter.
  2772 | Temple   | Found a transporter.
  2868 | Temple   | Found a transporter.
  2868 | Temple   | Found a transporter.
  2896 | Temple   | Became a worshipper of Warmaster Okawaru
  2934 | D:4      | Reached XP level 5. HP: 36/45 MP: 4/4
  3017 | D:4      | Reached skill level 7 in Axes
  3219 | D:4      | Reached XP level 6. HP: 25/51 MP: 5/5
  3240 | D:4      | Reached skill level 8 in Axes
  3594 | D:4      | Found a bloodstained altar of Trog.
  3783 | D:4      | Reached * piety under Okawaru
  3784 | D:4      | Reached skill level 9 in Axes
  4079 | D:5      | Entered Level 5 of the Dungeon
  4079 | D:5      | Noticed a water moccasin
  4141 | D:5      | Noticed Sigmund
  4325 | D:5      | Killed Sigmund
  4326 | D:5      | Reached XP level 7. HP: 46/57 MP: 6/6
  4452 | D:5      | Reached skill level 10 in Axes
  4755 | D:5      | Reached ** piety under Okawaru
  4765 | D:5      | Reached skill level 5 in Fighting
  4862 | D:5      | Noticed Eustachio
  5060 | D:5      | Killed Eustachio
  5061 | D:5      | Reached XP level 8. HP: 50/71 MP: 7/7
  6063 | D:6      | HP: 1/77 [orc warrior/+0 dire flail (5)]
  6064 | D:6      | Reached *** piety under Okawaru
  6457 | D:6      | Reached skill level 10 in Fighting
  6575 | D:6      | Reached XP level 9. HP: 39/85 MP: 10/10
  7300 | D:6      | Reached skill level 11 in Axes
  7682 | D:7      | Reached **** piety under Okawaru
  7787 | D:7      | Found a broken altar of Ashenzari.
  7817 | D:7      | Found a runed translucent gate.
  7817 | D:7      | Found a runed translucent gate.
  7818 | D:7      | Found a runed translucent gate.
  7819 | D:7      | Noticed Farfigtubin's ghost (novice HOFi)
  7820 | D:7      | Noticed CInkIbrahim's ghost (novice OpMo)
  7911 | D:7      | Reached skill level 12 in Axes
  7938 | D:7      | Reached skill level 5 in Armour
  8357 | D:7      | Reached ***** piety under Okawaru
  8782 | D:7      | Reached XP level 10. HP: 85/97 MP: 11/11
  9338 | D:7      | Noticed a red ugly thing
  9397 | D:7      | Killed a red ugly thing
  9398 | D:7      | Reached skill level 5 in Invocations
  9549 | D:7      | Found Nup Lyll's Specific Store.
  9551 | D:7      | Found Fedghy's General Store.
  9556 | D:7      | Bought a scroll of identify for 24 gold pieces
  9556 | D:7      | Bought a potion of flight for 36 gold pieces
  9840 | D:7      | Found a shimmering blue altar of Sif Muna.
  9987 | D:8      | Noticed Amaemon
  9987 | D:8      | Noticed an orange demon
 10013 | D:7      | Killed Amaemon
 10014 | D:7      | Reached skill level 1 in Throwing
 10024 | D:8      | Killed an orange demon
 10093 | D:8      | Noticed Erica
 10161 | D:8      | Noticed Psyche
 10291 | D:8      | Found a flagged portal.
 10306 | Bailey   | Entered a bailey
 10592 | Bailey   | Received a gift from Okawaru
 10875 | Bailey   | Reached skill level 5 in Throwing
 10875 | Bailey   | Reached skill level 1 in Dodging
 11422 | Bailey   | Reached XP level 11. HP: 104/104 MP: 15/15
 11572 | Bailey   | Identified the +5 war axe "Jeweutt Nisi" {vorpal, rF+
                  | Str+2}
 11677 | Bailey   | Reached skill level 15 in Axes
 11677 | Bailey   | Reached XP level 12. HP: 112/112 MP: 16/16
 11707 | D:8      | Noticed a two-headed ogre
 11714 | D:8      | Killed a two-headed ogre
 11714 | D:8      | Identified the +0 kite shield "Leastrewk" {Dex+3} (Okawaru
                  | gifted it to you on level 8 of the Dungeon)
 11714 | D:8      | Received a gift from Okawaru
 11715 | D:8      | Reached skill level 5 in Dodging
 11998 | D:8      | Reached skill level 16 in Axes
 12318 | D:8      | Found a burning altar of Makhleb.
 12492 | D:9      | Reached skill level 5 in Shields
 12834 | D:9      | Found a glowing golden altar of the Shining One.
 12906 | D:9      | Got the Book of Venomous Firn
 13195 | D:10     | Entered Level 10 of the Dungeon
 13275 | D:10     | Noticed a two-headed ogre
 13375 | D:10     | Noticed Joseph
 13388 | D:10     | Killed Joseph
 13397 | D:10     | Killed a two-headed ogre
 13400 | D:10     | Noticed Snorg
 13420 | D:10     | Killed Snorg
 13429 | D:10     | Mangled by a cyclops

Illustrated notes

Levels and vault maps discovered:
D:1:      sevenhm_arrival_forest_fort_small_3, layout_basic,
          hellmonk_ecumenical_altar_run_dry, nrook_campfire
D:2:      layout_basic
D:3:      layout_loops_ring, minitemple
D:4:      layout_rooms, minmay_temple_entry_sparse_star, minmay_ruined_shrine
D:5:      layout_basic, nicolae_fountain_basement, uniq_eustachio, uniq_sigmund
D:6:      layout_basic, serial_bayou, serial_bayou_pond_d,
          serial_bayou_crossing, serial_bayou_pond_a, serial_bayou_shore_b,
          feat_on_display
D:7:      nzn_winding_woodlands_medium [nzn_winding_woodlands_5x5_closed_star,
          nzn_winding_woodlands_5x15_twine, nzn_winding_woodlands_5x5_perimeter,
          nzn_winding_woodlands_5x5_three,
          nzn_winding_woodlands_center_pierced_h,
          nzn_winding_woodlands_5x5_cross, nzn_winding_woodlands_hourglass,
          nzn_winding_woodlands_5x15_default,
          nzn_winding_woodlands_5x5_default], layout_basic, lemuel_tele_altar,
          tgw_sif, gammafunk_ghost_cemetery, nicolae_specific_store
D:8:      layout_loops_corners, makhleb_grotto_becter, enter_bailey_4,
          uniq_amaemon, uniq_psyche, uniq_erica
D:9:      layout_roguey, tso_oasis_becter, serial_bayou_ford_a
D:10:     layout_roguey, erik_orc_1, serial_aquarium,
          aquarium_bridge_island_small [aquarium_subvault_small_open,
          aquarium_subvault_balcony, aquarium_subvault_wall,
          aquarium_subvault_bridge, aquarium_subvault_wall],
          aquarium_window_corridor_1, aquarium_window_fake, aquarium_window_1,
          aquarium_window_corner, aquarium_view_2a, aquarium_balcony_3a,
          minmay_mirror_moons_of_madness, uniq_joseph, uniq_snorg
Temple:   hellmonk_temple_divided_pantheon

Skill      XL: |  1  2  3  4  5  6  7  8  9 10 11 12 |
---------------+-------------------------------------+-----
Axes           | 3 4 5 6 7 9 10 12 15 16 | 16.0
Fighting       | 6 10 12 | 12.0
Invocations    | 3 7 |  7.0
Armour         | 5 |  5.0
Throwing       | 5 |  5.0
Dodging        | 4 5 |  5.0
Shields        | 9 |  9.0
Staves         | |  0.8

Action                   |  1- 3 |  4- 6 |  7- 9 | 10-12 || total
-------------------------+-------+-------+-------+-------++-------
Melee: War axe           |    58 |    92 |   230 |   374 ||   754
       Headbutt          |     8 |    19 |    38 |    74 ||   139
       Punch             |       |     2 |     3 |     7 ||    12
Throw: Boomerang         |       |       |       |    35 ||    35
       Dart              |       |       |       |    17 ||    17
Invok: Heroism           |       |       |     1 |     3 ||     4
       Finesse           |       |       |       |     2 ||     2
Evoke: Wand              |       |       |       |     2 ||     2
  Use: Potion            |       |     2 |     1 |     1 ||     4
       Scroll            |       |       |       |     9 ||     9
Armor: Scale mail        |    28 |    33 |       |       ||    61
       Chain mail        |       |     4 |    79 |       ||    83
       Plate armour      |       |       |    67 |   274 ||   341
Dodge: Dodged            |    26 |    29 |    73 |   175 ||   303
Block: Buckler           |       |       |       |    13 ||    13
